Map: Lerilak Crest

Players

PaVLiK

  • Race: Zerg Zerg
  • League: Gold

capac - Winner!

  • Race: Terran Terran
  • League: Gold

VOD

Have the link to the VOD?

Description

Time

  • Played on: March 22, 2016, 3:16 p.m.
  • Length: 16:25
Show
View Real Time Build Order
Export as new Build Order

PaVLiK Zerg 

Build Orders: Hatch First 

Get SALT Encoding   

  12  0:08  Drone  
  12  0:13  Overlord  
  13  0:18  Drone  
  14  0:32  Drone x2  
  16  0:45  Drone  
  17  0:58  Hatchery, Drone  
  17  1:12  Spawning Pool  
  17  1:14  Drone  
  17  1:37  Hatchery  
  16  1:46  Drone  
  17  1:48  Overlord  
  17  2:09  Queen  
  17  2:11  Queen  
  17  2:14  Zergling x2  
  23  2:15  Zergling x2  
  23  2:16  Drone  
  24  2:36  Spine Crawler  
  23  2:40  Drone x4  
  27  2:47  Spine Crawler  
  27  2:50  Queen  
  28  2:59  Queen  
  28  3:05  Drone x2  
  32  3:16  Drone x2  
  32  3:17  Drone x3  
  37  3:24  Queen  
  38  3:46  Drone  
  38  3:47  Drone x3  
  38  3:48  Overlord x2  
  42  3:58  Overlord  
  42  4:02  Overlord  
  42  4:03  Overlord  
  42  4:07  Extractor  
  42  4:08  Extractor  
  40  4:12  Drone x3  
  40  4:14  Drone x5  
  40  4:15  Drone  
  49  4:21  Drone  
  49  4:22  Drone  
  51  4:29  Extractor  
  51  4:30  Extractor  
  49  4:42  Roach Warren  
  48  5:03  Drone x8  
  48  5:04  Drone x8  
  64  5:09  Extractor  
  64  5:10  Spore Crawler  
  64  5:13  Extractor  
  61  5:20  Lair  
  61  5:22  Metabolic Boost  
  61  5:28  Evolution Chamber x2  
  59  5:40  Overlord, Drone x3  
  59  5:41  Overlord, Drone  
  59  5:42  Drone x3  
  66  5:46  Pneumatized Carapace  
  66  6:00  Overlord x3  
  66  6:01  Zergling x2  
  66  6:02  Zergling x2  
  68  6:05  Overlord  
  68  6:12  Spine Crawler  
  67  6:25  Zergling x2  
  67  6:26  Zergling x10  
  66  6:43  Zergling x4  
  66  6:44  Zergling x8  
  70  6:50  Zergling x6  
  70  6:51  Roach  
  72  6:56  Spine Crawler  
  72  6:58  Spine Crawler  
  70  7:01  Spine Crawler  
  67  7:10  Roach x2  
  67  7:11  Roach x6  
  81  7:21  Roach x2  
  85  7:28  Spire  
  85  7:29  Queen  
  79  7:38  Roach x4  
  81  7:45  Roach x4  
  87  8:23  Drone x7  
  87  8:24  Drone x2  
  96  8:29  Extractor  
  96  8:33  Evolution Chamber  
  96  8:34  Evolution Chamber  
  93  8:41  Drone x3  
  96  8:50  Mutalisk  
  96  8:51  Mutalisk x5  
  108  9:03  Hatchery, Extractor  
  108  9:06  Extractor  
  108  9:08  Mutalisk x3  
  108  9:09  Mutalisk x5  
  121  9:37  Roach x5  
  121  9:46  Overlord x3  
  121  9:47  Overlord  
  121  9:57  Roach  
  121  10:03  Overlord  
  121  10:04  Overlord x2  
  121  10:10  Overlord x3  
  119  10:31  Mutalisk x8  
  91  11:13  Spawning Pool  
  90  11:20  Mutalisk x6  
  90  11:21  Mutalisk x2  
  106  11:30  Mutalisk  
  108  11:35  Extractor  
  108  11:39  Drone x3  
  112  11:40  Drone x2  
  108  12:19  Roach Warren  
  108  12:20  Queen  
  109  12:34  Mutalisk x8  
  109  12:35  Mutalisk x2  
  129  12:45  Infestation Pit  
  128  12:54  Drone  
  129  13:06  Roach Warren  
  129  13:07  Zerg Missile Weapons Level 1, Zerg Ground Armor Level 1  
  128  13:13  Hatchery, Extractor  
  128  13:17  Extractor  
  119  13:29  Roach  
  119  13:30  Roach x12  
  145  13:38  Ravager  
  145  13:39  Ravager x2  
  145  13:41  Zergling x10  
  153  13:53  Zergling x6  
  156  14:04  Zergling x6  
  157  14:18  Roach x2  
  157  14:19  Roach x3  
  167  14:35  Zergling x4  
  167  14:38  Overlord x4  
  161  15:18  Hatchery  
  161  15:19  Extractor  
  161  15:20  Extractor  
  132  16:00  Roach x4  
  132  16:01  Roach x2  
Show
View Real Time Build Order
Export as new Build Order

capac Terran - Winner!

Build Orders:  

Get SALT Encoding   

  12  0:00  SCV  
  13  0:13  SCV  
  14  0:17  Supply Depot  
  14  0:26  SCV  
  15  0:39  SCV  
  15  0:41  Barracks  
  16  0:45  Refinery  
  16  0:52  SCV  
  17  1:04  SCV  
  18  1:16  SCV  
  19  1:28  SCV  
  20  1:36  Command Center  
  20  1:37  Reaper  
  21  1:47  Orbital Command  
  21  1:58  Supply Depot  
  21  2:16  Barracks Reactor  
  21  2:20  Barracks  
  21  2:38  SCV  
  21  2:39  Factory  
  21  2:41  Refinery  
  22  2:49  SCV  
  22  2:50  SCV  
  24  3:02  Orbital Command  
  24  3:06  SCV  
  24  3:08  Bunker  
  24  3:11  Marine  
  26  3:19  SCV  
  27  3:20  Barracks Tech Lab  
  27  3:22  Marine  
  27  3:25  Factory Tech Lab  
  28  3:31  SCV x2  
  30  3:43  SCV  
  30  3:44  SCV  
  32  3:49  Marine x3  
  32  3:55  Starport, SCV  
  35  3:56  Siege Tank  
  35  3:58  SCV  
  40  4:05  Engineering Bay  
  40  4:08  Marine x3, SCV  
  44  4:10  SCV  
  45  4:20  SCV  
  46  4:31  SCV  
  46  4:35  Refinery  
  46  4:40  Supply Depot, SCV  
  46  4:42  Starport Reactor, Missile Turret  
  46  4:43  Marine, Siege Tank  
  46  4:44  Marine x2  
  53  4:52  Supply Depot, SCV  
  54  5:01  SCV  
  54  5:03  Supply Depot  
  54  5:06  Stimpack  
  55  5:07  Terran Infantry Weapons Level 1  
  55  5:15  Marine x3, Command Center  
  55  5:20  Medivac  
  60  5:28  Medivac  
  62  5:31  SCV  
  62  5:33  Marine x3, SCV  
  67  5:36  Refinery  
  67  5:44  Supply Depot  
  67  5:46  SCV x2  
  69  5:52  Siege Tank  
  72  6:01  SCV x2  
  74  6:13  Marine x3  
  74  6:17  Supply Depot  
  77  6:24  Siege Tank  
  79  6:41  Liberator x2  
  79  6:55  Marine x3  
  79  6:56  Siege Tank  
  89  7:13  Marine  
  89  7:23  Marine x2  
  89  7:28  Barracks  
  91  7:31  Marine  
  88  7:41  Marine  
  85  7:58  Marine x2  
  83  7:59  Marine  
  83  8:02  Siege Tank  
  95  8:08  Command Center  
  95  8:11  Medivac x2  
  93  8:20  Supply Depot, Orbital Command  
  93  8:34  Marine x3  
  96  8:46  SCV x3  
  99  8:51  Marine  
  99  8:52  Marine x2  
  102  9:06  SCV  
  102  9:07  SCV x2  
  105  9:13  Marine x3  
  105  9:15  Barracks Reactor  
  108  9:18  Barracks  
  108  9:19  Barracks  
  108  9:27  Missile Turret  
  108  9:28  Missile Turret  
  108  9:42  Liberator x2  
  108  9:56  Marine x2  
  108  9:57  Marine  
  117  10:14  Marine  
  118  10:36  Marine x3  
  121  10:53  Marine x2  
  98  11:07  Liberator x2  
  97  11:13  Marine  
  97  11:14  Marine x2  
  97  11:16  Barracks Reactor  
  100  11:22  Barracks Reactor, SCV x3  
  109  11:26  Siege Tank  
  109  11:27  Combat Shields  
  109  11:30  Terran Infantry Armor Level 1  
  109  11:31  Marine  
  109  11:32  Armory  
  113  11:38  SCV x2  
  113  11:39  Refinery  
  115  11:41  Refinery  
  115  11:45  Missile Turret  
  115  11:49  Marine x2, Missile Turret  
  115  11:50  Marine x2, Liberator  
  115  11:54  Marine x3  
  119  12:01  Siege Tank, Missile Turret  
  125  12:04  Marine x2  
  125  12:07  Marine x2  
  132  12:25  Marine, SCV  
  132  12:27  SCV x2  
  132  12:29  Missile Turret  
  132  12:35  Terran Ship Weapons Level 1  
  132  12:37  Starport, Engineering Bay  
  132  12:38  Starport  
  132  12:50  Liberator  
  132  13:07  Supply Depot, Marine x9, SCV, Medivac  
  132  13:09  Supply Depot  
  132  13:11  Supply Depot  
  147  13:24  Marine  
  148  13:28  Marine x5  
  153  13:37  Medivac  
  153  13:40  Marine x3  
  158  13:42  Marine  
  159  13:56  Marine x4  
  159  13:57  Marine  
  159  13:58  Marine  
  165  14:11  Marine  
  165  14:12  Marine x2  
  165  14:14  Marine x4  
  172  14:23  Starport Reactor x2  
  172  14:30  Supply Depot  
  172  14:31  Supply Depot  
  172  14:32  Supply Depot x2  
  172  14:34  Liberator x2  
  172  14:40  Missile Turret  
  172  14:51  Marine x2  
Tags
 
Add a new tag
Caveats
  • Supply blocks, unpowered buildings, or Contaminate may cause inaccurate times.
  • Supply counts are checked every 10 seconds.